 Dungeon Crawl Stone Soup version 0.28-a0-1613-gdaab1c2f9b (webtiles) character file.

Game seed: 3569928669920464317

170 Pin the Skirmisher (level 5, -2/47 HPs)
             Began as a Hill Orc Fighter on Jan 21, 2022.
             Was a Follower of Beogh.
             Slain by a gnoll (7 damage)
             ... on level 3 of the Dungeon.
             The game lasted 00:05:22 (2871 turns).

Pin the Skirmisher (Hill Orc Fighter)               Turns: 2871, Time: 00:05:22

Health: -2/47      AC:  9    Str: 21    XL:     5   Next: 51%
Magic:  5/5        EV:  9    Int:  8    God:    Beogh [*.....]
Gold:   127        SH:  4    Dex: 10    Spells: 4/4 levels left

rFire   . . .      SeeInvis .   a - +0 war axe
rCold   . . .      Faith    .   c - +0 buckler
rNeg    . . .      Spirit   .   b - +0 scale mail
rPois   .          Reflect  .   j - +0 helmet
rElec   .          Harm     .   p - +0 cloak
rCorr   .          Rampage  .   (no gloves)
Will    .....                   (no boots)
Stlth   ..........              (no amulet)
HPRegen 0.15/turn               (no ring)
MPRegen 0.09/turn               (no ring)

@: no status effects
A: no striking features
a: Renounce Religion


You were on level 3 of the Dungeon.
You worshipped Beogh.
Beogh was aware of your devotion.
You visited 1 branch of the dungeon, and saw 3 of its levels.

You collected 127 gold pieces.

Inventory:

Hand Weapons
 a - a +0 war axe (weapon)
Armour
 b - a +0 scale mail (worn)
 c - a +0 buckler (worn)
 j - a +0 helmet (worn)
 p - a +0 cloak (worn)
Jewellery
 i - a ring of ice
Scrolls
 e - a scroll of fog {unknown}
 f - a scroll of teleportation {unknown}
 k - 3 scrolls of fear {unknown}
 l - a scroll of amnesia {unknown}
 n - 2 scrolls of identify {unknown}
 o - a scroll of blinking {unknown}
 t - a scroll of vulnerability {unknown}
Potions
 d - a potion of might
 g - 2 potions of heal wounds {unknown}
 h - a potion of degeneration {unknown}
 m - a potion of mutation {unknown}
 q - a potion of ambrosia {unknown}
 r - 3 potions of cancellation {unknown}
 s - 2 potions of haste {unknown}


   Skills:
 + Level 4.7 Fighting
 + Level 4.2 Axes
 + Level 4.2 Armour
 + Level 4.3 Shields
 + Level 1.0 Invocations


You had 4 spell levels left.
You didn't know any spells.
Your spell library was empty.

Dungeon Overview and Level Annotations

Branches:
Dungeon (3/15)

Altars:
Vehumet

Shops:
D:2 ?


Message History

You closely miss the hobgoblin.
The hobgoblin is heavily wounded.
You barely miss the hobgoblin.
The gnoll hits you from afar with a +0 spear.
* * * LOW HITPOINT WARNING * * *
The hobgoblin hits you but does no damage. x2
You closely miss the hobgoblin.
The hobgoblin is heavily wounded.
You hit the hobgoblin. The gnoll hits you but does no damage.
The hobgoblin hits you but does no damage.
You block the hobgoblin's attack.
The gnoll hits you from afar with a +0 spear.
* * * LOW HITPOINT WARNING * * *
You block the hobgoblin's attack.
You slash the hobgoblin!
You kill the hobgoblin!
Beogh accepts your kill.
You hit the hobgoblin.
You kill the hobgoblin!
Beogh accepts your kill. The gnoll hits you with a +0 club.
* * * LOW HITPOINT WARNING * * *
You slash the gnoll!
The gnoll is severely wounded.
You block the gnoll's attack.
You slash the gnoll!
You kill the gnoll!
Beogh accepts your kill.
You closely miss the gnoll. The gnoll closely misses you.
The gnoll hits you from afar with a +0 spear.
* * * LOW HITPOINT WARNING * * *
You block the gnoll's attack.
The gnoll hits you from afar with a +0 spear.
* * * LOW HITPOINT WARNING * * *
Your Invocations skill increases to level 1!
You slash the gnoll!
You kill the gnoll!
Beogh accepts your kill.
The gnoll hits you from afar with a +0 spear!
You die...

##### #...######## #####
#...#......## ##....
#...#.......###.....
#g##........#...)..
#)).........#....).
#.@......)..'......
#.)......)..#......
#)##........#......
≈≈≈≈≈≈#...#.......###.....
≈≈≈≈≈≈≈#...#......## ##....
#≈≈≈≈≈≈≈#...################
#≈≈≈≈≈≈≈#####≈≈≈≈≈≈≈≈≈≈≈≈≈≈≈
#≈≈≈≈≈≈≈≈≈≈≈≈≈≈≈≈≈≈≈≈≈≈≈≈≈≈≈
#≈≈≈≈≈≈≈≈≈≈≈≈≈≈≈≈≈≈≈≈≈≈≈≈≈≈≈


You could see a gnoll.

Vanquished Creatures
  3 gnolls (D:3)
  4 adders
  A worm (D:2)
  A dart slug (D:1)
  An orc (D:3)
  4 ball pythons
  5 endoplasms
  A giant cockroach (D:1)
  26 goblins
  21 hobgoblins
  4 jackals (D:2)
  2 quokkas (D:1)
  6 bats
  3 frilled lizards
  8 kobolds
  4 rats
94 creatures vanquished.

Vanquished Creatures (others)
  An orc priest (D:3)
  2 gnolls (D:3)
  4 orcs (D:3)
  An endoplasm (D:3)
  4 goblins (D:3)
  2 hobgoblins (D:3)
14 creatures vanquished.

Grand Total: 108 creatures vanquished

Notes
Turn   | Place    | Note
-------+----------+-------------------------------------------
     0 | D:1      | Pin the Hill Orc Fighter began the quest for the Orb.
     0 | D:1      | Reached XP level 1. HP: 19/19 MP: 1/1
   216 | D:1      | Reached XP level 2. HP: 27/27 MP: 2/2
   389 | D:1      | Reached XP level 3. HP: 33/33 MP: 3/3
   502 | D:1      | Found a faded altar of an unknown god.
   505 | D:1      | Prayed at the altar of an unknown god.
   505 | D:1      | Became a worshipper of Vehumet
   505 | D:1      | Reached * piety under Vehumet
   505 | D:1      | Offered knowledge of Foxfire by Vehumet.
   506 | D:1      | Fell from the grace of Vehumet
  1084 | D:2      | Found Woklorr's Magic Scroll Shoppe.
  1206 | D:2      | Reached XP level 4. HP: 35/40 MP: 4/4
  1877 | D:3      | Became a worshipper of Beogh the Brigand
  2279 | D:3      | Reached XP level 5. HP: 40/47 MP: 5/5
  2422 | D:3      | Reached * piety under Beogh
  2871 | D:3      | Reached skill level 1 in Invocations
  2871 | D:3      | Slain by a gnoll

Illustrated notes

Levels and vault maps discovered:
D:1:      dpeg_arrival_simpleton_a, layout_loops_corners,
          chequers_ecumenical_altar_grove
D:2:      layout_basic, serial_shops, shop, minmay_misc_feat_rows
D:3:      minmay_goblin_kobold_castle, layout_rooms

Skill      XL: |  1  2  3  4  5 |
---------------+----------------+-----
Axes           | 3 4 |  4.2
Fighting       | 4 |  4.7
Shields        | 4 |  4.3
Armour         | 4 |  4.2
Invocations    | 1 |  1.0

Action                   |  1- 3 |  4- 6 || total
-------------------------+-------+-------++-------
Melee: War axe           |    74 |   126 ||   200
Invok: Renounce Religion |     1 |       ||     1
       Convert to Beogh  |       |     1 ||     1
Armor: Scale mail        |    33 |    82 ||   115
Dodge: Dodged            |    36 |    62 ||    98
Block: Buckler           |    16 |    28 ||    44

Table legend: (Time is in decaauts)
 A = Elapsed time spent in this place.
 B = Non-inter-level travel time spent in this place.
 C = Inter-level travel time spent in this place.
 D = Time resting spent in this place.
 E = Time spent auto-exploring this place.
 F = Levels seen in this place.
 G = Mean time per level.
                   A        B        C        D        E       F      G
               +--------+--------+--------+--------+--------+-----+--------+
         Total |   2945 |   2927 |     18 |    356 |   2007 |   3 |  981.7 |
       Dungeon |   2945 |   2927 |     18 |    356 |   2007 |   3 |  981.7 |
               +--------+--------+--------+--------+--------+-----+--------+

Top non-repeatable levels by time:
     D:3: 1204 daAuts
     D:1: 1084 daAuts
     D:2: 656 daAuts
